 Dungeon Crawl Stone Soup version 0.31.0-11-ge490571c62 (webtiles) character file.

Game seed: 17470677734163054284

10014 Drazool the Sage (level 11, -1/94 HPs)
             Began as a Naga Summoner on Feb 3, 2024.
             Was a High Priest of Sif Muna.
             Succumbed to a cane toad's poison
             ... on level 1 of the Lair of Beasts on Feb 4, 2024.
             The game lasted 00:52:35 (10569 turns).

Drazool the Sage (Naga Summoner)                   Turns: 10569, Time: 00:52:36

Health: -1/94      AC:  7    Str: 10 (11) XL:     11   Next: 55%
Magic:  9/20       EV: 10    Int: 16 (19) God:    Sif Muna [*****.]
Gold:   514        SH:  0    Dex:  9 (12) Spells: 4/22 levels left

rFire   . . .        v - +2 dagger (venom)
rCold   . . .        (no shield)
rNeg    . . .        a - +0 robe
rPois   +            (helmet restricted)
rElec   .            (no cloak)
rCorr   .            g - +2 pair of gloves
SInv    +            (no barding)
Will    ++...        w - amulet of regeneration
Stlth   +++          Z - ring of wizardry
HPRegen 1.15/turn    (no ring)
MPRegen 0.17/turn

%: wizardry (x1)
@: lethally poisoned (-1 -> -5), unable to call your familiar, very slow
A: AC +3, large, see invisible, deformed body, poison resistance, slowness 2,
spit poison 1, naga tail 1, horns 1, strong-willed 1
a: Spit Poison, Renounce Religion, Channel Magic, Forget Spell, Divine Exegesis


You were on level 1 of the Lair of Beasts.
You worshipped Sif Muna.
Sif Muna was extremely pleased with you.
You visited 2 branches of the dungeon, and saw 11 of its levels.
You also visited: Bailey.

You collected 654 gold pieces.
You spent 140 gold pieces at shops.


Innate Abilities, Weirdness & Mutations

Your serpentine skin is tough. (AC +3)
You have supernaturally acute eyesight. (SInv)
Armour fits poorly on your strangely shaped body.
Your system is resistant to poisons. (rPois)
You cover ground very slowly.
You can spit poison.
You have a snake-like lower body.
You have a pair of small horns on your head.
You are strong-willed. (Will+)


   Skills:
 - Level 5.0 Fighting
 - Level 3.0 Dodging
 - Level 5.0 Stealth
 - Level 6.0 Spellcasting
 - Level 7.0 Summonings
 - Level 5.0 Translocations
 + Level 7.6 Fire Magic
 - Level 7.0 Air Magic
 - Level 8.0 Invocations
 - Level 4.0 Evocations


You had 4 spell levels left.
You knew the following spells:

 Your Spells              Type           Power      Damage    Failure   Level
c - Call Imp              Summ           54%        N/A       1%          2
f - Call Canine Familiar  Summ           27%        N/A       1%          3
l - Summon Lightning Spi  Summ/Air       27%        N/A       3%          4
z - Summon Small Mammal   Summ           100%       N/A       1%          1
X - Summon Blazeheart Go  Fire/Summ      28%        N/A       2%          4
Y - Iskenderun's Mystic   Conj/Tloc      12%        2d5       19%         4

Your spell library contained the following spells:

 Spells                   Type           Power      Damage    Failure   Level
 Apportation              Tloc           40%        N/A       1%          1
 Scorch                   Fire           58%        2d7       1%          2
 Volatile Blastmotes      Fire/Tloc      48%        2d14      1%          3
 Gell's Gravitas          Tloc           20%        N/A       2%          3
 Teleport Other           Tloc           20%        N/A       2%          3
 Inner Flame              Hex/Fire       16%        N/A       3%          3
 Kiss of Death            Conj/Necr      16%        2d6       6%          1
 Necrotise                Necr           16%        1d4       6%          1
 Sting                    Conj/Alch      16%        1d4       6%          1
 Sublimation of Blood     Necr           4%         N/A       9%          2
 Flame Wave               Conj/Fire      16%        2d7       12%         4
 Sticky Flame             Fire/Alch      16%        2d5       12%         4
 Confusing Touch          Hex            4%         N/A       16%         3
 Anguish                  Hex/Necr       2%         N/A       45%         4
 Cause Fear               Hex            2%         N/A       45%         4
 Dispel Undead            Necr           4%         3d7       45%         4
 Fulminant Prism          Conj/Alch      2%         3d5       45%         4
 Petrify                  Alch/Erth      4%         N/A       45%         4
 Plasma Beam              Fire/Air       14%        2x1d25    38%         6
 Dispersal                Tloc           10%        N/A       69%         6
 Irradiate                Conj/Alch      2%         3d12      80%         5

Inventory:

Hand Weapons
 q - a +2 heavy hand axe
 v - a +2 dagger of venom (weapon)
Missiles
 p - 2 throwing nets {=f}
 r - 8 javelins
Armour
 a - a +0 robe (worn)
 g - a +2 pair of gloves (worn)
 x - a +0 helmet
Magical Staves
 o - a staff of death {!a}
 H - a staff of earth {!a}
Jewellery
 w - an amulet of regeneration (around neck)
 L - the ring "Bumuihuu" {rPois rC- Will++ rCorr}
   (You bought it in a shop on level 10 of the Dungeon)

   [ring of poison resistance]

   rC-:       It makes you vulnerable to cold.
   rPois:     It protects you from poison Will++: It greatly increases your
   willpower.
   rCorr:     It protects you from acid and corrosion.
 R - a ring of resist corrosion
 Z - a ring of wizardry (left hand)
Wands
 y - a wand of charming (16)
 A - a wand of mindburst (16)
 K - a wand of light (1)
Scrolls
 c - 3 scrolls of immolation
 f - 2 scrolls of fog
 l - a scroll of blinking
 m - a scroll of teleportation {@r2}
 n - 4 scrolls of enchant weapon
 t - 4 scrolls of poison
 C - 2 scrolls of fear
 D - 2 scrolls of vulnerability
 E - 3 scrolls of enchant armour {unknown}
 G - a scroll of noise
 J - a scroll of acquirement {unknown}
Potions
 b - 4 potions of magic
 d - 4 potions of attraction
 e - 3 potions of enlightenment
 h - 6 potions of haste {@q3}
 i - 4 potions of heal wounds {@q2}
 j - 3 potions of lignification
 k - 2 potions of might
 s - 6 potions of curing {@q1}
 u - 5 potions of invisibility
 z - a potion of degeneration
 B - a potion of mutation
 I - a potion of resistance
Miscellaneous
 F - a phial of floods

Dungeon Overview and Level Annotations

Branches:
Dungeon (10/15)            Temple (0/1) D:4            Lair (1/5) D:10
 Bailey (visited)
    Orc: D:9-12

Altars:
Ashenzari
Gozag
Hepliaklqana
Kikubaaqudgha
Qazlal
Ru
Sif Muna
Vehumet
Wu Jian
Xom
Zin

Shops:
D:9 (   D:10 *

Annotations:
D:4 2 transporters, Blork the orc; superradish's ghost, weakling DsDe

########.#....###
#..........†....##
##..#.#######.....## ##
##..###########.....#
##.#####..####.....####.P.####
..........###.P.....###......#
..........##.÷.......##......#
#.....P#P.##..P......#..##.#.#
#.....+...##...P@..P.##.P###.#
#.....#...##...PP....##.###..##
#.........##...PP§...##..##P..#
#.....#...###..8.FD.###..###.##
#.....#...####.....####..##..#
#.....#....#####S#####..####.#
......#.....###Fk####..##.#..#
......#.#.#......F§....8.....#
.............................#


You could see a cane toad (ally target), a blink frog (wandering), a rime drake,
a steam dragon, a water moccasin, a bullfrog and a friendly lightning spire
(summoned).


Message History

Unknown command.
Casting: Summon Lightning Spire (dangerous; 3% risk of failure)
Confirm with . or Enter, or press ? or * to list all spells.
An electric hum fills the air.
The cane toad stings you.
A blink frog comes into view.
Your inugami barely misses the bullfrog.
The steam dragon closely misses you.
The steam dragon claws you but does no damage.
The cane toad stings you!
* * * LOW HITPOINT WARNING * * *
A komodo dragon comes into view.
Unknown command.
Something barely misses your inugami.
Your inugami hits the rime drake.
The cane toad attacks as it pursues you!
The cane toad stings you!
* * * LOW HITPOINT WARNING * * *
You are poisoned.
The cane toad poisons you!
The blink frog blinks!
Something misses your inugami.
Your inugami hits the rime drake.
You feel very sick.
The bullfrog hits something.
The cane toad attacks as it pursues you!
The cane toad stings you but does no damage.
The cane toad stings you!!
* * * LOW HITPOINT WARNING * * *
Unknown command.
Blink to where?
Press: ? - help, Dir - move target
As you read the scroll of blinking, it crumbles to dust.
You die...

Skill      XL: |  1  2  3  4  5  6  7  8  9 10 11 |
---------------+----------------------------------+-----
Summonings     | 5 6 7 |  7.0
Fire Magic     | 1 2 5 6 7 |  7.6
Spellcasting   | 4 5 6 |  6.0
Fighting       | 3 5 |  5.0
Dodging        | 3 |  3.0
Stealth        | 5 |  5.0
Air Magic      | 6 7 |  7.0
Translocations | 5 |  5.0
Invocations    | 7 8 |  8.0
Evocations     | 4 |  4.0

Action                     |  1- 3 |  4- 6 |  7- 9 | 10-12 || total
---------------------------+-------+-------+-------+-------++-------
  Melee: Unarmed           |    11 |     1 |       |       ||    12
         Hand axe          |       |    24 |       |       ||    24
         Dagger            |       |    13 |    57 |    79 ||   149
         Punch             |       |       |     2 |     2 ||     4
   Cast: Summon Small Mamm |    36 |    20 |     9 |     7 ||    72
         Call Imp          |     3 |     1 |     3 |       ||     7
         Call Canine Famil |       |    16 |    15 |    11 ||    42
         Summon Blazeheart |       |       |    18 |    48 ||    66
         Summon Lightning  |       |       |     8 |    24 ||    32
Ability: Spit Poison       |    31 |    28 |     2 |     4 ||    65
  Evoke: Wand              |       |       |     4 |     2 ||     6
    Use: Scroll            |     2 |     4 |     2 |     6 ||    14
         Potion            |       |       |       |     8 ||     8
   Stab: Sleeping          |       |       |     1 |     2 ||     3
         Distracted        |       |       |     1 |     1 ||     2
 Armour: Robe              |    24 |    40 |    93 |   154 ||   311
  Dodge: Dodged            |    14 |    21 |    53 |    80 ||   168

Levels and vault maps discovered:
D:1:      pf_arrival_petrified_forest, layout_rooms
D:2:      layout_rooms, basic_altar, serial_bayou_crossing
D:3:      layout_basic, xom_confusion_cloud, mainiacjoe_overflow_brackets
D:4:      layout_gridville, kennysheep_mini,
          mainiacjoe_overflow_surrounded_room, minmay_temple_entry_glass,
          gammafunk_ghost_stat_death, chequers_arboretum,
          amcnicky_mini_rare_corridor_liquid, uniq_robin, uniq_blork_the_orc
D:5:      layout_loops_ring, grunt_ashenzari_visionary
          [grunt_ashenzari_visionary_shoals, grunt_ashenzari_visionary_spider]
D:6:      layout_rooms, nicolae_twisty_statue_hallways, uniq_prince_ribbit1
D:7:      layout_rooms, nicolae_ru_awakened_eye,
          serial_library_hellmonk_small_corner, uniq_pikel
D:8:      nzn_winding_woodlands_medium [nzn_winding_woodlands_5x5_closed_star,
          nzn_winding_woodlands_5x15_cabin, nzn_winding_woodlands_5x5_three,
          nzn_winding_woodlands_5x5_open_star,
          nzn_winding_woodlands_center_pierced_h,
          nzn_winding_woodlands_5x5_perimeter,
          nzn_winding_woodlands_5x5_checkerboard,
          nzn_winding_woodlands_5x15_pool, nzn_winding_woodlands_hourglass],
          layout_cave_pools, minmay_circle_x, uniq_grum
D:9:      layout_loops_ring, mainiacjoe_overflow_alcove_3, serial_shops,
          kennysheep_little_box
D:10:     layout_roguey, overflow_temple_1_default, lair_entry_dummy,
          serial_shops, nicolae_shop_hallway_stairs, enter_bailey_3
Lair:1:   layout_regular_city, chequers_serial_rivers_micro_a,
          cheibrodos_lair_reptile_den

Notes
Turn   | Place    | Note
-------+----------+-------------------------------------------
     0 | D:1      | Drazool the Naga Summoner began the quest for the Orb.
     0 | D:1      | Reached XP level 1. HP: 15/15 MP: 3/3
   124 | D:1      | Reached XP level 2. HP: 8/22 MP: 0/5
   362 | D:1      | Learned a level 2 spell: Call Imp
   756 | D:2      | Reached XP level 3. HP: 28/28 MP: 6/6
   760 | D:2      | Learned a level 3 spell: Call Canine Familiar
   793 | D:2      | Found a shimmering blue altar of Sif Muna.
   812 | D:2      | Became a worshipper of Sif Muna the Loreminder
   838 | D:2      | Reached skill level 5 in Summonings
  1332 | D:3      | Found a shimmering altar of Xom.
  1509 | D:3      | Reached XP level 4. HP: 36/36 MP: 5/7
  1808 | D:3      | Reached * piety under Sif Muna
  1824 | D:3      | Found an ornate altar of the Wu Jian Council.
  2182 | D:3      | Noticed a sky beast
  2190 | D:3      | Killed a sky beast
  2191 | D:3      | Reached skill level 6 in Summonings
  2191 | D:3      | Reached skill level 1 in Fire Magic
  2191 | D:3      | Reached XP level 5. HP: 28/42 MP: 4/8
  2638 | D:4      | Found a shimmering blue altar of Sif Muna.
  2678 | D:4      | Found a transporter.
  2705 | D:4      | Found a transporter.
  2710 | D:4      | Noticed superradish's ghost (weakling DsDe)
  2737 | D:4      | Found an opulent altar of Gozag.
  2741 | D:4      | Reached XP level 6. HP: 49/49 MP: 8/10
  2769 | D:4      | Reached skill level 3 in Spellcasting
  2884 | D:4      | Found a staircase to the Ecumenical Temple.
  3028 | D:4      | Reached skill level 4 in Spellcasting
  3157 | D:4      | Noticed Robin
  3166 | D:4      | Killed Robin
  3167 | D:4      | Reached skill level 2 in Fire Magic
  3214 | D:4      | Reached ** piety under Sif Muna
  3222 | D:4      | Learned a level 4 spell: Summon Blazeheart Golem
  3228 | D:4      | Noticed Blork the orc
  3531 | D:5      | Entered Level 5 of the Dungeon
  3640 | D:5      | Reached XP level 7. HP: 51/55 MP: 9/13
  3688 | D:5      | Reached skill level 3 in Fire Magic
  3798 | D:5      | Reached skill level 4 in Fire Magic
  4005 | D:5      | Reached skill level 5 in Fire Magic
  4392 | D:5      | Found a broken altar of Ashenzari.
  4396 | D:5      | Saw a vision of the Shoals and the Spider Nest.
  4396 | D:5      | Noticed a tarantella
  4396 | D:5      | Noticed a moth of wrath
  4396 | D:5      | Noticed a torpor snail
  4396 | D:5      | Noticed a tarantella
  4396 | D:5      | Noticed a redback
  4396 | D:5      | Noticed a skyshark
  4396 | D:5      | Noticed a manticore
  4396 | D:5      | Noticed an alligator snapping turtle
  4396 | D:5      | Noticed a wolf spider
  4396 | D:5      | Noticed a merfolk siren
  4396 | D:5      | Noticed a tarantella
  4396 | D:5      | Noticed a tarantella
  4396 | D:5      | Noticed a redback
  4396 | D:5      | Noticed a merfolk
  4396 | D:5      | Noticed a wolf spider
  4396 | D:5      | Noticed a demonic crawler
  4396 | D:5      | Noticed a merfolk
  4396 | D:5      | Noticed a sea snake
  4396 | D:5      | Noticed a tarantella
  4397 | D:5      | Noticed a water elemental
  4397 | D:5      | Noticed a redback
  4397 | D:5      | Noticed a water nymph
  4398 | D:5      | Noticed a steelbarb worm
  4619 | D:6      | Reached XP level 8. HP: 47/62 MP: 8/14
  4696 | D:6      | Noticed Prince Ribbit
  4756 | D:6      | Killed Prince Ribbit
  4757 | D:6      | Reached skill level 6 in Fire Magic
  4757 | D:6      | Reached skill level 1 in Fighting
  4778 | D:6      | Reached skill level 2 in Fighting
  4838 | D:6      | Reached skill level 3 in Fighting
  4838 | D:6      | Reached skill level 2 in Dodging
  4932 | D:6      | Reached skill level 3 in Dodging
  5576 | D:7      | Reached skill level 4 in Stealth
  5620 | D:7      | Noticed Pikel
  5631 | D:6      | Killed Pikel
  5632 | D:6      | Reached skill level 5 in Stealth
  5632 | D:6      | Reached skill level 5 in Spellcasting
  5632 | D:6      | Reached XP level 9. HP: 73/75 MP: 11/17
  5710 | D:7      | Reached skill level 6 in Spellcasting
  5784 | D:7      | Reached skill level 7 in Fire Magic
  5833 | D:7      | Reached skill level 7 in Summonings
  5833 | D:7      | Reached skill level 1 in Air Magic
  5859 | D:7      | Learned a level 4 spell: Summon Lightning Spire
  5893 | D:7      | Reached skill level 2 in Air Magic
  6008 | D:7      | Identified the +4 war axe of the Shark {freeze, rN+ Str-5
                  | Int+3 Stlth+}
  6011 | D:7      | Reached *** piety under Sif Muna
  6130 | D:7      | Learned a level 4 spell: Iskenderun's Mystic Blast
  6269 | D:7      | Reached skill level 3 in Air Magic
  6305 | D:7      | Found a sacrificial altar of Ru.
  6382 | D:8      | Reached skill level 4 in Air Magic
  6618 | D:8      | Reached skill level 5 in Air Magic
  6669 | D:8      | Reached skill level 6 in Air Magic
  6676 | D:8      | Reached XP level 10. HP: 37/84 MP: 14/19
  6758 | D:8      | Reached skill level 1 in Translocations
  6833 | D:8      | Reached skill level 2 in Translocations
  6912 | D:8      | Reached skill level 3 in Translocations
  6945 | D:8      | Reached skill level 4 in Translocations
  7051 | D:8      | Reached skill level 5 in Translocations
  7115 | D:8      | Reached skill level 1 in Invocations
  7186 | D:8      | Reached skill level 2 in Invocations
  7197 | D:8      | Reached skill level 3 in Invocations
  7251 | D:8      | Reached skill level 4 in Invocations
  7295 | D:8      | Noticed Grum
  7318 | D:7      | Killed Grum
  7352 | D:8      | Reached **** piety under Sif Muna
  7357 | D:8      | Reached skill level 5 in Invocations
  7498 | D:8      | Reached skill level 6 in Invocations
  7920 | D:8      | Reached skill level 7 in Invocations
  8029 | D:8      | Reached XP level 11. HP: 90/90 MP: 17/20
  8304 | D:9      | Reached skill level 8 in Invocations
  8311 | D:9      | Reached skill level 7 in Air Magic
  8375 | D:9      | Found a radiant altar of Vehumet.
  8376 | D:9      | Found an ancient bone altar of Kikubaaqudgha.
  8377 | D:9      | Found a glowing silver altar of Zin.
  8377 | D:9      | Found a hazy altar of Hepliaklqana.
  8553 | D:9      | Reached skill level 4 in Fighting
  8761 | D:9      | Found Mosas's Antique Weapon Shop.
  9164 | D:10     | Entered Level 10 of the Dungeon
  9186 | D:10     | Noticed a two-headed ogre
  9191 | D:10     | Killed a two-headed ogre
  9192 | D:10     | Reached skill level 5 in Fighting
  9192 | D:10     | Reached skill level 2 in Evocations
  9209 | D:10     | Found a staircase to the Lair.
  9246 | D:10     | Found a flagged portal.
  9268 | Bailey   | Entered a bailey
  9488 | Bailey   | Reached ***** piety under Sif Muna
  9653 | Bailey   | Received a gift from Sif Muna
  9654 | Bailey   | Reached skill level 3 in Evocations
  9775 | Bailey   | Got Sif Muna's Essays on Heated Ill Luck {god gift}
  9902 | Bailey   | Gained mutation: You are strong-willed. (Will+) [potion of
                  | mutation]
  9902 | Bailey   | Gained mutation: You have a pair of small horns on your
                  | head. [potion of mutation]
  9904 | Bailey   | Identified 2 potions of resistance
 10159 | D:10     | Found a stormy altar of Qazlal.
 10237 | D:10     | Found Fugump's Assorted Antiques.
 10245 | D:10     | Bought an ancient steel ring for 140 gold pieces
 10245 | D:10     | Identified the ring "Bumuihuu" {rPois rC- Will++ rCorr}
                  | (You bought it in a shop on level 10 of the Dungeon)
 10266 | D:10     | Paralysed by a hornet for 1 turns
 10331 | Lair:1   | Entered Level 1 of the Lair of Beasts
 10344 | Lair:1   | Reached skill level 4 in Evocations
 10568 | Lair:1   | HP: 1/94 [cane toad (19)]
 10569 | Lair:1   | Succumbed to a cane toad's poison

Vanquished Creatures
  A two-headed ogre (D:10)
  Pikel (D:6)
  A troll (D:8)
  A shadow (D:8)
  A wyvern (D:8)
  7 yaks
  3 steam dragons
  A vampire mosquito (D:8)
  2 water moccasins
  4 orc warriors
  A black bear (D:8)
  A sky beast (D:3)
  A wolf (D:8)
  2 centaurs
  2 kobold brigands (D:8)
  2 bullfrogs (D:8)
  2 gnoll sergeants
  3 wights
  2 killer bees (D:8)
  A howler monkey (D:9)
  2 bombardier beetles (D:4)
  A gnoll bouda (D:8)
  An iguana (D:5)
  2 sleepcaps (D:6)
  5 orc wizards
  Robin (D:4)
  4 gnolls
  5 adders
  3 ufetubi (D:6)
  2 dart slugs
  18 orcs
  3 ball pythons
  3 endoplasms
  A giant cockroach (D:2)
  8 goblins
  11 hobgoblins
  6 kobolds
  3 bats
  A frilled lizard (D:2)
  A rat (D:1)
120 creatures vanquished.

Vanquished Creatures (collateral kills)
  A hornet (D:10)
  A blink frog (Lair:1)
  Prince Ribbit (D:6)
  2 wyverns
  2 yaks (D:9)
  Grum (D:7)
  2 steam dragons
  5 water moccasins
  2 black bears
  An orc warrior (Bailey)
  2 wolves (D:8)
  3 centaurs
  A sky beast (D:8)
  An ogre (D:6)
  A lemure (D:7)
  A kobold brigand (D:8)
  2 bullfrogs
  2 gnoll sergeants (D:8)
  6 wights
  6 killer bees (D:8)
  A howler monkey (D:8)
  2 jellies (D:4)
  3 hounds
  4 orc priests
  3 gnoll boudas
  2 sleepcaps (D:8)
  An iguana (D:5)
  5 orc wizards
  26 gnolls
  4 adders
  A shadow imp (D:8)
  A white imp (D:7)
  An ufetubus (D:6)
  28 orcs
  5 endoplasms
  2 giant cockroaches
  7 hobgoblins
  3 kobolds
  2 quokkas
  2 ball pythons (D:3)
  A bat (D:1)
  2 frilled lizards
  13 goblins
  4 rats
166 creatures vanquished.

Vanquished Creatures (others)
  A killer bee (D:8)
  A rat (D:3)
  44 blazeheart cores
46 creatures vanquished.

Grand Total: 332 creatures vanquished

Table legend: (Time is in decaauts)
 A = Elapsed time spent in this place.
 B = Non-inter-level travel time spent in this place.
 C = Inter-level travel time spent in this place.
 D = Time resting spent in this place.
 E = Time spent auto-exploring this place.
 F = Levels seen in this place.
 G = Mean time per level.
                   A        B        C        D        E       F      G
               +--------+--------+--------+--------+--------+-----+--------+
         Total |  13065 |  12548 |    517 |    788 |   8828 |  12 | 1088.8 |
       Dungeon |  12006 |  11529 |    477 |    555 |   8403 |  10 | 1200.6 |
          Lair |    304 |    264 |     40 |     31 |    142 |   1 |  304.0 |
        Bailey |    754 |    754 |      0 |    202 |    282 |   1 |  754.0 |
               +--------+--------+--------+--------+--------+-----+--------+

Top non-repeatable levels by time:
     D:8: 2000 daAuts
     D:3: 1537 daAuts
     D:9: 1370 daAuts
     D:5: 1329 daAuts
     D:4: 1224 daAuts
     D:6: 1222 daAuts
     D:7: 1019 daAuts
     D:1: 941 daAuts
  Bailey: 754 daAuts
     D:2: 732 daAuts
    D:10: 628 daAuts
  Lair:1: 304 daAuts

Table legend:
 A = Non-vault XP
 B = Vault XP
 C = Vault XP percentage of total XP
 D = Non-vault monster count
 E = Vault monster count
 F = Vault count percentage of total count
                 A         B        C        D         E       F
            +---------+---------+-------+---------+---------+-------
      Total |    8076 |    6230 |  43.5 |     184 |     101 |  35.4
            +---------+---------+-------+---------+---------+-------
        D:1 |      32 |       0 |   0.0 |      19 |       0 |   0.0
        D:2 |      17 |       0 |   0.0 |      11 |       0 |   0.0
        D:3 |     196 |      15 |   7.1 |      25 |       8 |  24.2
        D:4 |     285 |      37 |  11.5 |      16 |      13 |  44.8
        D:5 |     600 |       0 |   0.0 |      17 |       0 |   0.0
        D:6 |     554 |     995 |  64.2 |      21 |       2 |   8.7
        D:7 |     937 |     193 |  17.1 |      24 |       1 |   4.0
        D:8 |    1210 |    4165 |  77.5 |      19 |      41 |  68.3
        D:9 |    2268 |       0 |   0.0 |      21 |       0 |   0.0
       D:10 |    1351 |       7 |   0.5 |       8 |       4 |  33.3
     Lair:1 |     626 |     487 |  43.8 |       3 |       7 |  70.0
     Bailey |       0 |     331 | 100.0 |       0 |      25 | 100.0
            +---------+---------+-------+---------+---------+-------
